Map: Orbital Shipyard

Players

Nerchio - Winner!

  • Race: Zerg Zerg
  • League: Diamond

TomikuS

  • Race: Zerg Zerg
  • League: Grandmaster

Event: Lycan League Weekly August #1

VOD

Have the link to the VOD?

Description

Time

  • Played on: Aug. 3, 2015, 2:24 p.m.
  • Length: 5:41

All games in this series

Show
View Real Time Build Order
Export as new Build Order

Nerchio Zerg - Winner!

Build Orders: Pool First, Zergling Baneling 

Get SALT Encoding   

  12  0:01  Drone  
  13  0:12  Overlord  
  13  0:17  Drone  
  14  0:30  Drone x2  
  14  0:34  Drone  
  17  0:44  Spawning Pool  
  17  0:47  Drone  
  17  0:56  Drone  
  18  1:11  Hatchery  
  17  1:15  Overlord  
  17  1:18  Extractor  
  17  1:21  Drone  
  17  1:31  Queen  
  19  1:34  Zergling x2  
  19  1:38  Drone  
  21  1:49  Drone  
  22  2:00  Drone  
  23  2:07  Queen  
  25  2:11  Overlord  
  25  2:19  Metabolic Boost  
  25  2:22  Drone, Queen  
  26  2:24  Drone  
  29  2:33  Drone  
  29  2:34  Drone  
  31  2:40  Drone, Baneling Nest  
  31  2:42  Drone  
  32  2:46  Drone  
  32  2:49  Zergling x2  
  34  2:51  Drone  
  34  2:54  Drone  
  34  2:56  Drone  
  37  3:03  Overlord  
  37  3:17  Zergling x14  
  44  3:26  Zergling x6  
  47  3:28  Overlord  
  47  3:33  Drone  
  48  3:34  Drone  
  48  3:38  Baneling x4  
  49  3:43  Baneling x2  
  49  3:47  Drone x2  
  51  3:54  Zergling x4  
  51  3:55  Zergling x8  
  57  3:59  Zergling x2, Baneling  
  57  4:00  Zergling x2  
  57  4:02  Zergling x2  
  59  4:08  Zergling x2  
  59  4:15  Zergling x2  
  58  4:18  Zergling x2  
  58  4:23  Queen x2  
  58  4:25  Drone  
  58  4:27  Overlord, Extractor  
  58  4:28  Evolution Chamber  
  54  4:33  Baneling x4  
  54  4:39  Zergling x2  
  54  4:42  Baneling  
  54  4:43  Spine Crawler  
  54  4:52  Drone  
  51  4:53  Drone x2  
  51  4:56  Drone  
  51  4:59  Drone  
  55  5:08  Drone  
  55  5:16  Drone x2  
  57  5:21  Baneling x3  
  57  5:23  Drone  
  57  5:28  Extractor  
  59  5:36  Extractor  
Show
View Real Time Build Order
Export as new Build Order

TomikuS Zerg 

Build Orders: Hatch First 

Get SALT Encoding   

  12  0:01  Drone  
  13  0:12  Overlord  
  13  0:20  Drone  
  14  0:31  Drone x2  
  16  0:37  Drone  
  17  0:52  Hatchery  
  16  0:57  Drone  
  16  0:58  Drone  
  18  1:09  Extractor  
  18  1:10  Drone  
  18  1:18  Spawning Pool  
  18  1:20  Drone  
  18  1:28  Drone  
  19  1:39  Overlord  
  19  1:53  Drone  
  20  2:05  Zergling x2  
  20  2:06  Queen x2  
  20  2:07  Drone  
  26  2:13  Zergling x2  
  26  2:14  Metabolic Boost  
  27  2:22  Overlord  
  27  2:23  Drone  
  28  2:36  Drone x2  
  30  2:40  Baneling Nest  
  29  2:46  Queen  
  29  2:49  Drone x3  
  34  3:00  Overlord  
  34  3:18  Drone x6  
  39  3:20  Zergling x8  
  39  3:24  Baneling x3  
  43  3:32  Spine Crawler  
  43  3:33  Zergling x2  
  43  3:42  Overlord  
  43  3:54  Zergling x6  
  43  3:55  Baneling x2  
  46  3:57  Spine Crawler, Zergling x4  
  46  3:58  Zergling x6  
  50  4:05  Zergling x10  
  53  4:15  Zergling x4  
  53  4:16  Baneling x2  
  36  4:27  Zergling x4  
  37  4:36  Drone  
  37  4:37  Drone  
  39  4:40  Zergling x2  
  39  4:57  Zergling x8  
  39  5:18  Baneling x6  

Tags
 
Add a new tag
Caveats
  • Supply blocks, unpowered buildings, or Contaminate may cause inaccurate times.
  • Supply counts are checked every 10 seconds.